 Dungeon Crawl Stone Soup version 0.30-a0-718-geaa24f58ff (webtiles) character file.

Game seed: 3342257883595584133

1231 Caratheodory the Trooper (level 8, -1/67 HPs)
             Began as a Barachi Hunter on Jan 25, 2023.
             Killed by divine providence
             ... invoked by an orc priest
              (9 damage)
             ... on level 6 of the Dungeon.
             The game lasted 00:16:25 (3401 turns).

Caratheodory the Trooper (Barachi Hunter)           Turns: 3401, Time: 00:16:25

Health: -1/67      AC:  4    Str: 19    XL:     8   Next: 48%
Magic:  8/8        EV: 15    Int:  9    God:
Gold:   347        SH:  0    Dex: 18    Spells: 7/7 levels left

rFire   . . .      SeeInvis .    a - +0 shortbow
rCold   + . .      Faith    .    (shield currently unavailable)
rNeg    . . .      Spirit   .    c - +0 leather armour
rPois   .          Reflect  .    (no helmet)
rElec   .          Harm     .    m - +0 cloak
rCorr   .          Rampage  .    (no gloves)
Will    .....                    (no boots)
Stlth   ++                       i - amulet of regeneration
HPRegen 1.11/turn                n - ring of protection from cold
MPRegen 0.11/turn                o - +6 ring of strength

@: slow
A: amphibious, slowness 1, strong legs 1, +LOS
a: Hop


You were on level 6 of the Dungeon.
You visited 1 branch of the dungeon, and saw 6 of its levels.

You collected 347 gold pieces.

Inventory:

Hand Weapons
 a - a +0 shortbow (weapon)
Armour
 c - a +0 leather armour (worn)
 m - a +0 cloak (worn)
Jewellery
 e - an amulet of magic regeneration
 i - an amulet of regeneration (around neck)
 n - a ring of protection from cold (left hand)
 o - a +6 ring of strength (right hand)
Wands
 l - a wand of flame (19)
 r - a wand of iceblast (12)
 u - a wand of polymorph (8)
Scrolls
 b - 3 scrolls of immolation
 f - a scroll of silence
 g - a scroll of fear
 k - a scroll of poison {unknown}
 p - a scroll of brand weapon {unknown}
 t - a scroll of fog {unknown}
 v - a scroll of enchant weapon {unknown}
Potions
 d - a potion of invisibility {unknown}
 h - a potion of resistance
 j - a potion of heal wounds
 q - a potion of might {unknown}
 s - a potion of haste {unknown}
 w - a potion of brilliance {unknown}
 x - a potion of lignification


   Skills:
 + Level 7.1 Fighting
 * Level 7.1 Ranged Weapons
 + Level 6.5 Dodging
 - Level 0.8 Stealth


You had 7 spell levels left.
You didn't know any spells.
Your spell library contained the following spells:

 Spells                   Type           Power      Damage    Failure   Level
 Shock                    Conj/Air       0%         1d3       43%         1
 Lesser Beckoning         Tloc           0%         N/A       58%         2
 Gell's Gravitas          Tloc           0%         N/A       82%         3
 Swiftness                Air            0%         N/A       82%         3
 Teleport Other           Tloc           0%         N/A       82%         3
 Airstrike                Air            0%         2d(0-16)  99%         4


Dungeon Overview and Level Annotations

Branches:
Dungeon (6/15)             Temple (0/1) D:6

Altars:
Ru

Shops:
D:3 =

Portals:
Sewer: D:6

Annotations:
D:5 Eustachio


Innate Abilities, Weirdness & Mutations

You are amphibious.
You cover ground slowly.
You can hop short distances.
You have an extended range of vision and can be seen from far away.


Message History

You hear the brisk rusting of a distant drain.
Found a staircase to the Ecumenical Temple.
Found a stone staircase leading up.
There is a stone staircase leading up here.
Found a scroll labelled NADGHYA AKET.
The orc priest shouts!
You shoot an arrow.
The arrow closely misses the orc priest.
You shoot an arrow.
The arrow hits the orc priest but does no damage.
The orc priest calls down the wrath of Beogh upon you.
Beogh smites you!
You shoot an arrow. The centaur shouts!
The arrow hits the orc priest!
The orc priest is heavily wounded.
The orc priest calls down the wrath of Beogh upon you.
You struggle to resist.
You shoot an arrow. The arrow hits the orc priest.
The orc priest is severely wounded.
The orc priest invokes the aid of Beogh against you.
Beogh smites you!
The centaur shoots an arrow.
The arrow hits you!
You are too injured to fight recklessly!
The orc priest casts a cantrip, but nothing happens.
An ogre comes into view. It is wielding a +0 giant club.
The centaur shoots an arrow.
The arrow barely misses you.
The orc priest invokes the aid of Beogh against you.
Beogh smites you!
The ogre moves out of view.
The centaur shoots an arrow.
The arrow hits you!
* * * LOW HITPOINT WARNING * * *
The centaur shoots an arrow.
The arrow misses you.
The centaur shoots an arrow.
The arrow barely misses you.
The centaur shoots an arrow.
The arrow hits you!
* * * LOW HITPOINT WARNING * * *
There is a stone staircase leading up here.
The ogre shouts!
You hear a shout!
The centaur shoots an arrow.
The arrow barely misses you.
The orc priest invokes the aid of Beogh against you.
Beogh smites you!
You die...

#.. #...... .... #.....
.... #...# ...# #...# ####
...## #...######... ....#
#.c...?....#
#...######...#o###..# #
#...#..............>##...##
#...<...........@..........
....#..............O#)##≈≈~
..########...#.###[...# ..#
#..........#.≈~. #.#
#...######.#.~~.. #.# #...#
.. .÷..∩ #.# #...# ##. ~...
..########...#### .~≈~..
##..............# ##≈≈≈


You could see an ogre, a centaur and an orc priest.

Vanquished Creatures
  A black bear (D:5)
  2 ogres
  A bullfrog (D:5)
  A scorpion (D:4)
  2 necrophages
  3 hounds (D:5)
  2 jellies
  An orc priest (D:5)
  Jessica (D:3)
  2 iguanas
  Ijyb (D:3)
  6 orc wizards
  Robin (D:3)
  7 gnolls
  9 adders
  2 river rats
  An ufetubus (D:5)
  2 worms
  4 dart slugs
  12 orcs
  10 ball pythons
  5 endoplasms
  3 giant cockroaches
  13 goblins
  7 hobgoblins
  6 jackals (D:3)
  2 quokkas (D:1)
  3 bats
  5 frilled lizards
  10 kobolds
  8 rats
133 creatures vanquished.

Vanquished Creatures (others)
  3 plants (D:3)
3 creatures vanquished.

Grand Total: 136 creatures vanquished

Notes
Turn   | Place    | Note
-------+----------+-------------------------------------------
     0 | D:1      | Caratheodory the Barachi Hunter began the quest for the
                  | Orb.
     0 | D:1      | Reached XP level 1. HP: 17/17 MP: 1/1
    66 | D:1      | Reached XP level 2. HP: 23/23 MP: 2/2
   191 | D:1      | Reached XP level 3. HP: 29/29 MP: 3/3
   639 | D:2      | Found a sacrificial altar of Ru.
   641 | D:2      | Reached XP level 4. HP: 35/35 MP: 4/4
  1091 | D:3      | Noticed Ijyb
  1111 | D:3      | Killed Ijyb
  1112 | D:3      | Reached XP level 5. HP: 12/42 MP: 5/5
  1186 | D:3      | Noticed Jessica
  1187 | D:3      | Killed Jessica
  1209 | D:3      | Reached skill level 5 in Ranged Weapons
  1214 | D:3      | Found Nomemuim's Jewellery Shoppe.
  1222 | D:3      | Noticed Robin
  1252 | D:3      | Killed Robin
  1438 | D:3      | Reached XP level 6. HP: 49/49 MP: 6/6
  1889 | D:4      | Reached skill level 5 in Fighting
  2023 | D:4      | Reached XP level 7. HP: 43/56 MP: 7/7
  2041 | D:4      | Reached skill level 5 in Dodging
  2054 | D:4      | HP: 2/56 [something/puff of flame (3)]
  2404 | D:5      | Entered Level 5 of the Dungeon
  2420 | D:5      | Identified the +1 falchion of the Realm of Zot {flame,
                  | rElec Str+3}
  2558 | D:5      | Reached XP level 8. HP: 63/65 MP: 8/8
  3122 | D:6      | Found a glowing drain.
  3128 | D:6      | Noticed Eustachio
  3248 | D:6      | HP: 2/67 [something/puff of flame (10)]
  3379 | D:6      | Found a staircase to the Ecumenical Temple.
  3401 | D:6      | Killed from afar by an orc priest

Illustrated notes

Levels and vault maps discovered:
D:1:      dpeg_arrival_rooms_b, layout_rooms
D:2:      layout_basic, basic_altar
D:3:      minmay_chambers_of_twos, layout_loops_ring, serial_shops, shop,
          nicolae_concentric_dashed_squares_mild, serial_bayou_pond_d,
          uniq_ijyb, uniq_robin, uniq_jessica
D:4:      layout_cave_pools
D:5:      layout_loops_cross, kennysheep_dice
D:6:      layout_loops_cross, minmay_temple_entry_junction,
          cheibrodos_sewer_entry_sluice, uniq_eustachio

Skill      XL: |  1  2  3  4  5  6  7  8 |
---------------+-------------------------+-----
Fighting       | 3 4 5 6 7 |  7.1
Dodging        | 3 4 5 6 |  6.5
Ranged Weapons | 5 6 7 |  7.1
Stealth        | |  0.8

Action                     |  1- 3 |  4- 6 |  7- 9 || total
---------------------------+-------+-------+-------++-------
  Melee: Shortbow          |       |       |     1 ||     1
   Fire: Shortbow          |    78 |   201 |   247 ||   526
Ability: Hop               |     3 |     6 |    10 ||    19
    Use: Scroll            |       |     6 |     3 ||     9
         Potion            |       |     3 |     2 ||     5
 Armour: Leather armour    |     9 |    22 |    38 ||    69
         Skin              |       |    24 |    38 ||    62
  Dodge: Dodged            |    23 |    70 |   151 ||   244

Table legend: (Time is in decaauts)
 A = Elapsed time spent in this place.
 B = Non-inter-level travel time spent in this place.
 C = Inter-level travel time spent in this place.
 D = Time resting spent in this place.
 E = Time spent auto-exploring this place.
 F = Levels seen in this place.
 G = Mean time per level.
                   A        B        C        D        E       F      G
               +--------+--------+--------+--------+--------+-----+--------+
         Total |   4003 |   3892 |    111 |      0 |   2851 |   6 |  667.2 |
       Dungeon |   4003 |   3892 |    111 |      0 |   2851 |   6 |  667.2 |
               +--------+--------+--------+--------+--------+-----+--------+

Top non-repeatable levels by time:
     D:5: 963 daAuts
     D:3: 945 daAuts
     D:4: 722 daAuts
     D:2: 664 daAuts
     D:1: 544 daAuts
     D:6: 163 daAuts
